 Dungeon Crawl Stone Soup version 0.26-a0-665-gefeb406119 (webtiles) character file.

Game seed: 10769418432332321241

59 robertstho the Bolt Thrower (level 4, -3/27 HPs)
             Began as a Kobold Hunter on Oct 15, 2020.
             Slain by a sky beast (5 damage)
             ... on level 3 of the Dungeon.
             The game lasted 00:02:08 (2315 turns).

robertstho the Bolt Thrower (Kobold Hunter)         Turns: 2315, Time: 00:02:08

Health: -3/27      AC:  6    Str: 10    XL:     4   Next: 22%
Magic:  4/4        EV: 14    Int: 12    God:
Gold:   87         SH:  0    Dex: 15    Spells: 3/3 levels left

rFire    . . .     SeeInvis .   a - +1 hand crossbow
rCold    . . .     Faith    .   (shield restricted)
rNeg     . . .     Spirit   .   c - +0 leather armour
rPois    .         Reflect  .   i - +2 hat
rElec    .         Harm     .   (no cloak)
rCorr    .         Rampage  .   (no gloves)
MR       .....                  r - +0 pair of boots
Stlth    +++.......             (no amulet)
HPRegen  0.09/turn              (no ring)
MPRegen  0.09/turn              (no ring)

@: hasted, very quick
A: small, nightstalker 3
a: no special abilities


You were on level 3 of the Dungeon.
You visited 1 branch of the dungeon, and saw 3 of its levels.

You collected 87 gold pieces.

Inventory:

Hand Weapons
 a - a +1 hand crossbow (weapon)
 b - a +0 short sword
 j - a +0 dagger of freezing
Missiles
 d - 3 bolts (quivered)
Armour
 c - a +0 leather armour (worn)
 i - a +2 hat (worn)
 r - a +0 pair of boots (worn)
Scrolls
 e - 3 scrolls of identify {unknown}
 k - 3 scrolls of magic mapping {unknown}
 l - a scroll of blinking {unknown}
 n - a scroll of amnesia {unknown}
 o - a scroll of immolation {unknown}
Potions
 g - a potion of flight {unknown}
 h - a potion of berserk rage {unknown}
 m - 2 potions of might {unknown}
 p - 4 potions of heal wounds {unknown}
 q - a potion of degeneration {unknown}
 s - a potion of curing {unknown}


   Skills:
 * Level 2.9 Fighting
 + Level 5.6 Crossbows
 + Level 0.7 Armour
 + Level 2.4 Dodging
 * Level 2.7 Stealth


You had 3 spell levels left.
You didn't know any spells.
Your spell library was empty.

Dungeon Overview and Level Annotations

Branches:
Dungeon (3/15)

Altars:


Innate Abilities, Weirdness & Mutations

You are small and have problems with some larger weapons.
You are completely attuned to the shadows.


Message History

An orc comes into view.
You see here a bolt.
d - 4 bolts (gained 1)
The sky beast hits you but does no damage.
The orc hits you but does no damage.
Your +0 dagger of freezing stops glowing.
a - a +1 hand crossbow (weapon)
The sky beast hits you but does no damage.
Firing (i - inventory)
d - 4 bolts (quivered)
Press: ? - help, Shift-Dir - straight line, f/p - sky beast
Aim: a sky beast (lightly wounded)
You shoot a bolt. The bolt closely misses the sky beast.
The orc hits you but does no damage. The sky beast hits you.
The sky beast shocks you.
* * * LOW HITPOINT WARNING * * *
The orc misses you.
It was a potion of haste.
You feel yourself speed up. The sky beast hits you.
* * * LOW HITPOINT WARNING * * *
The sky beast shocks you.
You die...

..########
...o@Y.)(#
########'####
#######..≈....
......'..†(...
###.##.......
#.##..(....
#.##.......
#.##.......
#.#


You could see a sky beast and an orc.

Vanquished Creatures
  An ooze (D:2)
  2 worms (D:2)
  A leopard gecko (D:1)
  2 orcs (D:3)
  A ball python (D:2)
  5 bats
  3 giant cockroaches
  9 goblins
  3 hobgoblins (D:1)
  3 jackals (D:2)
  A quokka (D:2)
  3 frilled lizards
  2 kobolds (D:2)
  8 rats
44 creatures vanquished.

Notes
Turn   | Place    | Note
-------+----------+-------------------------------------------
     0 | D:1      | robertstho the Kobold Hunter began the quest for the Orb.
     0 | D:1      | Reached XP level 1. HP: 12/12 MP: 1/1
    84 | D:1      | Reached skill level 5 in Crossbows
    87 | D:1      | Reached XP level 2. HP: 18/18 MP: 2/2
   713 | D:1      | Reached XP level 3. HP: 22/22 MP: 3/3
  1770 | D:2      | Reached XP level 4. HP: 27/27 MP: 4/4
  2294 | D:3      | Noticed a sky beast
  2315 | D:3      | Slain by a sky beast

Illustrated notes

Levels and vault maps discovered:
D:1:      lightli_arrival_isolated_outpost, layout_loops_ring, nrook_campfire
D:2:      layout_loops_ring, minmay_distorted
D:3:      layout_basic, serial_undead, serial_undead_c, serial_undead_b,
          serial_undead_b, serial_undead_b, elyvilon_altar_5

Skill      XL: |  1 |
---------------+----+-----
Crossbows      | 5 |  5.6
Stealth        | 2 |  2.7
Fighting       | |  2.9
Armour         | |  0.7
Dodging        | |  2.4

Action                   |  1- 3 |  4- 6 || total
-------------------------+-------+-------++-------
Melee: Dagger            |     6 |     5 ||    11
 Fire: Hand crossbow     |    77 |    23 ||   100
  Use: Potion            |       |     1 ||     1
Armor: Leather armour    |     5 |    13 ||    18
Dodge: Dodged            |    27 |     7 ||    34

Table legend: (Time is in decaauts)
 A = Elapsed time spent in this place.
 B = Non-inter-level travel time spent in this place.
 C = Inter-level travel time spent in this place.
 D = Time resting spent in this place.
 E = Time spent auto-exploring this place.
 F = Levels seen in this place.
 G = Mean time per level.
                   A        B        C        D        E       F      G
               +--------+--------+--------+--------+--------+-----+--------+
         Total |   2342 |   2279 |     63 |      0 |   2009 |   3 |  780.7 |
       Dungeon |   2342 |   2279 |     63 |      0 |   2009 |   3 |  780.7 |
               +--------+--------+--------+--------+--------+-----+--------+

Top non-repeatable levels by time:
     D:2: 1198 daAuts
     D:1: 928 daAuts
     D:3: 216 daAuts
